| TOP OF THE 1ST |
|
Greenville Drive batting - Pitching for West Michigan Whitecaps : RHP Andy Strange
|
|
Pitching: RHP Andy Strange
|
|
|
Batting: LHB Robert Gonzalez
|
0-0: Swinging Strike 0-1: Ball 1-1: Foul Ball, location: 2F 1-2: Ball 2-2: Strikes out looking
|
|
Batting: SHB Salvador Padilla
|
0-0: Ball 1-0: SOLO HOME RUN (Flyball, 89XD, EV 108.8 MPH), Distance : 426 ft
|
|
Batting: SHB Robert Soto
|
0-0: Ball 1-0: SINGLE (Groundball, 34D, EV 106.9 MPH)
|
|
Batting: SHB Matsudaira Ikeda
|
0-0: Foul Ball, location: 2F 0-1: Ball 1-1: Ball 2-1: Fielders Choice at 2nd, 1-6 (Groundball, 13S, EV 68.1 MPH)
|
|
Batting: RHB Alex Cardenas
|
0-0: Called Strike Matsudaira Ikeda steals 2nd base (no throw) 0-1: Ball 1-1: SINGLE (Line Drive, 4D, EV 97.5 MPH) Matsudaira Ikeda to third Runner from 3rd tries for Home, SAFE, throw by RF to home
|
|
Batting: LHB Eddie Contreras
|
0-0: Ball 1-0: Ball 2-0: Ball 3-0: Base on Balls Alex Cardenas to second
|
|
Batting: RHB Adugna Chandu
|
0-0: Called Strike 0-1: Foul Ball, location: 2F 0-2: Fielders Choice at 2nd, 6-4 (Groundball, 6, EV 101.2 MPH)
|
| Top of the 1st over - 2 runs, 3 hits, 0 errors, 2 left on base; Greenville 2 - West Michigan 0 |
| BOTTOM OF THE 1ST |
|
West Michigan Whitecaps batting - Pitching for Greenville Drive : RHP Michael Vazquez
|
|
Pitching: RHP Michael Vazquez
|
|
|
Batting: RHB Tanner Purchase
|
0-0: Ball 1-0: Ground out 4-3 (Groundball, 6MD, EV 82.5 MPH)
|
|
Batting: RHB Norm Wood
|
0-0: Fly out, F8 (Flyball, 8LD, EV 98.1 MPH)
|
|
Batting: LHB Jon Frederick
|
0-0: Foul Ball, location: 2F 0-1: Ball 1-1: Fly out, F4 (Flyball, 3D, EV 88.8 MPH)
|
| Bottom of the 1st over - 0 runs, 0 hits, 0 errors, 0 left on base; Greenville 2 - West Michigan 0 |
| TOP OF THE 2ND |
|
Greenville Drive batting - Pitching for West Michigan Whitecaps : RHP Andy Strange
|
|
Batting: RHB Matt Parker
|
0-0: Fly out, F8 (Flyball, 89M, EV 81.2 MPH)
|
|
Batting: LHB Carlos Guerra
|
0-0: Ball 1-0: Ball 2-0: Ball 3-0: Called Strike 3-1: Base on Balls
|
|
Batting: LHB Robert Gonzalez
|
0-0: Ball 1-0: Called Strike 1-1: Ball 2-1: Foul Ball, location: 2F 2-2: DOUBLE (Line Drive, 7LD, EV 105.6 MPH) Carlos Guerra to third Runner from 3rd tries for Home, SAFE, throw by LF to trailing runner, OUT at third! 7-3-5
|
|
Batting: SHB Salvador Padilla
|
0-0: Ball 1-0: Reached on error, E9 (Flyball, 9S, EV 80.6 MPH)
|
|
Batting: SHB Robert Soto
|
0-0: Ball 1-0: Swinging Strike 1-1: Called Strike 1-2: Ground out 4-3 (Groundball, 4, EV 86.2 MPH)
|
| Top of the 2nd over - 1 run, 1 hit, 1 error, 1 left on base; Greenville 3 - West Michigan 0 |
| BOTTOM OF THE 2ND |
|
West Michigan Whitecaps batting - Pitching for Greenville Drive : RHP Michael Vazquez
|
|
Batting: RHB J.J. Basil
|
0-0: Called Strike 0-1: Ball 1-1: Swinging Strike 1-2: Ball 2-2: Ball 3-2: Base on Balls
|
|
Batting: LHB Afanasy Zasekin
|
0-0: Foul Ball, location: 2F 0-1: Called Strike 0-2: Ball 1-2: Ball 2-2: Strikes out swinging
|
|
Batting: RHB Joel Miller
|
0-0: Ball 1-0: Ground out 5-3 (Groundball, 5S, EV 70.6 MPH) J.J. Basil to second
|
|
Batting: RHB Ernst Meloche
|
0-0: Called Strike 0-1: Called Strike 0-2: Fly out, F8 (Flyball, 8LM, EV 83.8 MPH)
|
| Bottom of the 2nd over - 0 runs, 0 hits, 0 errors, 1 left on base; Greenville 3 - West Michigan 0 |
| TOP OF THE 3RD |
|
Greenville Drive batting - Pitching for West Michigan Whitecaps : RHP Andy Strange
|
|
Batting: SHB Matsudaira Ikeda
|
0-0: Ball 1-0: Called Strike 1-1: Foul Ball, location: 2F 1-2: Strikes out swinging
|
|
Batting: RHB Alex Cardenas
|
0-0: Ball 1-0: Called Strike 1-1: Fly out, F9 (Flyball, 89M, EV 89.4 MPH)
|
|
Batting: LHB Eddie Contreras
|
0-0: Ball 1-0: Ground out 5-3 (Groundball, 56, EV 83.8 MPH)
|
| Top of the 3rd over - 0 runs, 0 hits, 0 errors, 0 left on base; Greenville 3 - West Michigan 0 |
| BOTTOM OF THE 3RD |
|
West Michigan Whitecaps batting - Pitching for Greenville Drive : RHP Michael Vazquez
|
|
Batting: RHB Keith Hoffman
|
0-0: Called Strike 0-1: Ball 1-1: Ball 2-1: Ball 3-1: SINGLE (Line Drive, 8LS, EV 103.8 MPH)
|
|
Batting: SHB Chris Wagler
|
0-0: Fly out, F8 (Flyball, 8LD, EV 92.5 MPH)
|
|
Batting: RHB Tanner Purchase
|
0-0: Foul Ball, location: 2F 0-1: Ball 1-1: Called Strike 1-2: Strikes out swinging
|
|
Batting: RHB Norm Wood
|
0-0: Called Strike 0-1: Ball 1-1: Ball 2-1: Foul Ball, location: 2F 2-2: Fielders Choice at 2nd, 5-4 (Groundball, 56, EV 103.8 MPH)
|
| Bottom of the 3rd over - 0 runs, 1 hit, 0 errors, 1 left on base; Greenville 3 - West Michigan 0 |
| TOP OF THE 4TH |
|
Greenville Drive batting - Pitching for West Michigan Whitecaps : RHP Andy Strange
|
|
Batting: RHB Adugna Chandu
|
0-0: Called Strike 0-1: Foul Ball, location: 2F 0-2: Strikes out swinging
|
|
Batting: RHB Matt Parker
|
0-0: Ground out 6-3 (Groundball, 6M, EV 80.6 MPH)
|
|
Batting: LHB Carlos Guerra
|
0-0: Ball 1-0: Ball 2-0: Ball 3-0: Called Strike 3-1: Foul Ball, location: 2F 3-2: Strikes out looking
|
| Top of the 4th over - 0 runs, 0 hits, 0 errors, 0 left on base; Greenville 3 - West Michigan 0 |
| BOTTOM OF THE 4TH |
|
West Michigan Whitecaps batting - Pitching for Greenville Drive : RHP Michael Vazquez
|
|
Batting: LHB Jon Frederick
|
0-0: Ball 1-0: Ball 2-0: Ball 3-0: Base on Balls
|
|
Batting: RHB J.J. Basil
|
0-0: Called Strike 0-1: Ball 1-1: Grounds into double play, U4-3 (Groundball, 6M, EV 90.0 MPH)
|
|
Batting: LHB Afanasy Zasekin
|
0-0: Foul Ball, location: 2F 0-1: Foul Ball, location: 2F 0-2: Strikes out swinging
|
| Bottom of the 4th over - 0 runs, 0 hits, 0 errors, 0 left on base; Greenville 3 - West Michigan 0 |
| TOP OF THE 5TH |
|
Greenville Drive batting - Pitching for West Michigan Whitecaps : RHP Andy Strange
|
|
Batting: LHB Robert Gonzalez
|
0-0: Ball 1-0: DOUBLE (Line Drive, 7LS, EV 93.1 MPH)
|
|
Batting: SHB Salvador Padilla
|
0-0: Ball 1-0: Ground out U3 (Groundball, 3L, EV 83.1 MPH) Robert Gonzalez to third
|
|
Batting: SHB Robert Soto
|
0-0: Ball 1-0: Ground out 4-3 (Groundball, 4S, EV 83.1 MPH) Robert Gonzalez scores
|
|
Batting: SHB Matsudaira Ikeda
|
0-0: SINGLE (Groundball, 6MD, EV 101.9 MPH)
|
|
Batting: RHB Alex Cardenas
|
0-0: Called Strike 0-1: Fly out, F4 (Popup, 4, EV 61.9 MPH)
|
| Top of the 5th over - 1 run, 2 hits, 0 errors, 1 left on base; Greenville 4 - West Michigan 0 |
| BOTTOM OF THE 5TH |
|
West Michigan Whitecaps batting - Pitching for Greenville Drive : RHP Michael Vazquez
|
|
Batting: RHB Joel Miller
|
0-0: Ball 1-0: Called Strike 1-1: Fly out, F9 (Flyball, 89M, EV 86.9 MPH)
|
|
Batting: RHB Ernst Meloche
|
0-0: Fly out, F9 (Flyball, 9LS, EV 83.1 MPH)
|
|
Batting: RHB Keith Hoffman
|
0-0: Called Strike 0-1: Ground out 4-3 (Groundball, 4, EV 87.5 MPH)
|
| Bottom of the 5th over - 0 runs, 0 hits, 0 errors, 0 left on base; Greenville 4 - West Michigan 0 |
| TOP OF THE 6TH |
|
Greenville Drive batting - Pitching for West Michigan Whitecaps : RHP Andy Strange
|
|
Batting: LHB Eddie Contreras
|
0-0: Ball 1-0: Fly out, F8 (Flyball, 8RD, EV 96.2 MPH)
|
|
Batting: RHB Adugna Chandu
|
0-0: Called Strike 0-1: Foul Ball, location: 2F 0-2: Strikes out swinging
|
|
Batting: RHB Matt Parker
|
0-0: Called Strike 0-1: Ground out 5-3 (Groundball, 5L, EV 92.5 MPH)
|
| Top of the 6th over - 0 runs, 0 hits, 0 errors, 0 left on base; Greenville 4 - West Michigan 0 |
| BOTTOM OF THE 6TH |
|
West Michigan Whitecaps batting - Pitching for Greenville Drive : RHP Michael Vazquez
|
|
Batting: SHB Chris Wagler
|
0-0: Ball 1-0: Foul Ball, location: 2F 1-1: Called Strike 1-2: Foul Ball, location: 2F 1-2: SINGLE (Groundball, 5S, EV 65.6 MPH) (infield hit)
|
|
Batting: RHB Tanner Purchase
|
0-0: Ball Chris Wagler steals 2nd base 1-0: Ball 2-0: Called Strike 2-1: SINGLE (Flyball, 89S, EV 96.2 MPH) Chris Wagler to third
|
|
Batting: RHB Norm Wood
|
0-0: Ball 1-0: Ball Tanner Purchase steals 2nd base 2-0: Called Strike 2-1: Ball 3-1: DOUBLE (Line Drive, 89D, EV 93.1 MPH) Chris Wagler scores Tanner Purchase scores
|
|
Batting: LHB Jon Frederick
|
0-0: Fly out, F7 (Line Drive, 7LS, EV 106.9 MPH)
|
|
Batting: RHB J.J. Basil
|
0-0: Ball 1-0: Called Strike 1-1: Ball 2-1: DOUBLE (Flyball, 89XD, EV 92.5 MPH) Norm Wood scores
|
|
Batting: LHB Afanasy Zasekin
|
0-0: Ball 1-0: Ground out 4-3 (Groundball, 4, EV 106.9 MPH) J.J. Basil to third
|
|
Batting: RHB Joel Miller
|
0-0: Ball 1-0: DOUBLE (Line Drive, 9LM, EV 106.2 MPH) J.J. Basil scores
|
|
Batting: RHB Ernst Meloche
|
0-0: Ball 1-0: Ball 2-0: Called Strike 2-1: Foul Ball, location: 2F 2-2: Foul Ball, location: 2F 2-2: 2-RUN HOME RUN (Line Drive, 7D, EV 100.0 MPH), Distance : 374 ft
|
|
Pitching: RHP Jon Olivo
|
|
|
Batting: RHB Keith Hoffman
|
0-0: Ball 1-0: Called Strike 1-1: Foul Ball, location: 2F 1-2: Ball 2-2: DOUBLE (Groundball, 5L, EV 101.9 MPH)
|
|
Batting: SHB Chris Wagler
|
0-0: Swinging Strike 0-1: Ball 1-1: Called Strike 1-2: Strikes out looking
|
| Bottom of the 6th over - 6 runs, 7 hits, 0 errors, 1 left on base; Greenville 4 - West Michigan 6 |
| TOP OF THE 7TH |
|
Greenville Drive batting - Pitching for West Michigan Whitecaps : RHP Andy Strange
|
|
Batting: LHB Carlos Guerra
|
0-0: Called Strike 0-1: Called Strike 0-2: Ball 1-2: Strikes out swinging
|
|
Batting: LHB Robert Gonzalez
|
0-0: Ball 1-0: Foul Ball, location: 2F 1-1: Ball 2-1: Called Strike 2-2: Ball 3-2: Fly out, F8 (Flyball, 8RD, EV 101.2 MPH)
|
|
Batting: SHB Salvador Padilla
|
0-0: Ground out 6-3 (Groundball, 6S, EV 91.2 MPH)
|
| Top of the 7th over - 0 runs, 0 hits, 0 errors, 0 left on base; Greenville 4 - West Michigan 6 |
| BOTTOM OF THE 7TH |
|
West Michigan Whitecaps batting - Pitching for Greenville Drive : RHP Jon Olivo
|
|
Batting: RHB Tanner Purchase
|
0-0: Ball 1-0: Fly out, F8 (Flyball, 8RS, EV 86.2 MPH)
|
|
Batting: RHB Norm Wood
|
0-0: Called Strike 0-1: Called Strike 0-2: Ball 1-2: Ball 2-2: Ball 3-2: Strikes out swinging
|
|
Batting: LHB Jon Frederick
|
0-0: Ball 1-0: Called Strike 1-1: Called Strike 1-2: Foul Ball, location: 2F 1-2: Ball 2-2: Ball 3-2: Base on Balls
|
|
Batting: RHB J.J. Basil
|
0-0: Foul Ball, location: 2F 0-1: Ball 1-1: Ball Pickoff Throw to First - Out! 1-3
|
| Bottom of the 7th over - 0 runs, 0 hits, 0 errors, 0 left on base; Greenville 4 - West Michigan 6 |
| TOP OF THE 8TH |
|
Greenville Drive batting - Pitching for West Michigan Whitecaps : RHP Andy Strange
|
|
Batting: SHB Robert Soto
|
0-0: Ball 1-0: Ball 2-0: Called Strike 2-1: Ball 3-1: Foul Ball, location: 2F 3-2: Strikes out looking
|
|
Pitching: RHP Rick Young
|
|
|
Batting: SHB Matsudaira Ikeda
|
0-0: Foul Ball, location: 2F 0-1: Ball 1-1: Called Strike 1-2: Foul Ball, location: 2F 1-2: Foul Ball, location: 2F 1-2: SINGLE (Line Drive, 9S, EV 108.8 MPH)
|
|
Batting: RHB Alex Cardenas
|
0-0: Ball 1-0: Ball 2-0: Ball 3-0: Base on Balls Matsudaira Ikeda to second
|
|
Batting: LHB Eddie Contreras
|
0-0: Ball 1-0: Foul Ball, location: 2F 1-1: Foul Ball, location: 2F 1-2: Ball 2-2: Ball 3-2: Strikes out swinging
|
|
Pinch Hitting: LHB Kien-lung Zou
|
0-0: Ball Passed Ball! Matsudaira Ikeda to third Alex Cardenas to second 1-0: Called Strike 1-1: Ball 2-1: Ball 3-1: Called Strike 3-2: Foul Ball, location: 2F 3-2: Base on Balls
|
|
Batting: RHB Matt Parker
|
0-0: Ball 1-0: Foul Ball, location: 2F 1-1: Ball 2-1: Ground out 4-3 (Groundball, 4, EV 81.9 MPH)
|
| Top of the 8th over - 0 runs, 1 hit, 0 errors, 3 left on base; Greenville 4 - West Michigan 6 |
| BOTTOM OF THE 8TH |
|
West Michigan Whitecaps batting - Pitching for Greenville Drive : RHP Jon Olivo
|
|
Pitching: RHP Ross Ratcliffe
|
|
|
Now at 2B: Matt Parker
|
|
|
Now at 3B: Salvador Padilla
|
|
|
Now in LF: Kien-lung Zou
|
|
|
Batting: RHB J.J. Basil
|
0-0: Foul Ball, location: 2F 0-1: Ball 1-1: Ground out U3 (Groundball, 3, EV 82.5 MPH)
|
|
Batting: LHB Afanasy Zasekin
|
0-0: Called Strike 0-1: Ball 1-1: Called Strike 1-2: Ball 2-2: Foul Ball, location: 2F 2-2: Foul Ball, location: 2F 2-2: Ball 3-2: Foul Ball, location: 2F 3-2: Foul Ball, location: 2F 3-2: Base on Balls
|
|
Batting: RHB Joel Miller
|
0-0: Ball 1-0: Ball Wild Pitch! Afanasy Zasekin to second 2-0: Ball 3-0: Called Strike 3-1: Called Strike 3-2: Foul Ball, location: 2F 3-2: Base on Balls
|
|
Pitching: RHP Paul Carter
|
|
|
Batting: RHB Ernst Meloche
|
0-0: Ball Afanasy Zasekin is caught stealing 3rd base 2-5 1-0: Called Strike 1-1: Ball 2-1: Ball Joel Miller is caught stealing 2nd base 2-4
|
| Bottom of the 8th over - 0 runs, 0 hits, 0 errors, 0 left on base; Greenville 4 - West Michigan 6 |
| TOP OF THE 9TH |
|
Greenville Drive batting - Pitching for West Michigan Whitecaps : RHP Rick Young
|
|
Pitching: RHP Kyle Moore
|
|
|
Batting: LHB Carlos Guerra
|
0-0: Called Strike 0-1: Ball 1-1: Swinging Strike 1-2: Strikes out swinging
|
|
Batting: LHB Robert Gonzalez
|
0-0: Called Strike 0-1: Ball 1-1: Foul Ball, location: 2F 1-2: Strikes out swinging
|
|
Batting: SHB Salvador Padilla
|
0-0: Fly out, F9 (Flyball, 9LM, EV 93.8 MPH)
|
| Top of the 9th over - 0 runs, 0 hits, 0 errors, 0 left on base; Greenville 4 - West Michigan 6 |
|